 Dungeon Crawl Stone Soup version 0.24.0-125-gc4c63601f3 (webtiles) character file.

Game seed: 8763212930541253783, levelgen mode: deterministic

569014 Incroyableducul the Slayer (level 25, -2/262 HPs)
             Began as a Minotaur Fighter on Mar 13, 2020.
             Was a High Priest of Okawaru.
             Splashed by an acid blob's acid (12 damage)
             ... on level 5 of the Pits of Slime on Mar 14, 2020.
             The game lasted 13:57:26 (83298 turns).

Incroyableducul the Slayer (Minotaur Fighter)      Turns: 83298, Time: 13:57:26

Health: -2/262     AC: 24    Str: 36    XL:     25   Next: 58%
Magic:  23/23      EV: 11    Int:  9    God:    Okawaru [*****.]
Gold:   4471       SH: 40    Dex: 14    Spells: 24/24 levels left

rFire    + . .     SeeInvis +   V - +9 war axe (holy)
rCold    + . .     Gourm    .   Y - +8 large shield of Teocwag {rC++}
rNeg     . . .     Faith    .   h - +3 crystal plate armour of Nygozock {rC- MR+ Int+2}
rPois    +         Spirit   .   W - +2 hat {SInv}
rElec    .         Reflect  .   B - +2 cloak {MR+}
rCorr    .         Harm     .   R - +3 pair of gauntlets of War {Slay+5}
MR       ++++.     Rnd*Rage +   c - +2 pair of boots "Izuergh" {+Blink}
Stlth    ..........             m - amulet "Imahir" {RegenMP rF+ Str+5 SInv}
HPRegen  0.53/turn              N - ring of poison resistance
MPRegen  0.43/turn              C - ring of protection from magic

@: about to teleport, corroded
A: retaliatory headbutt, horns 2, large bone plates 1, rugged brown scales 1,
thin skeletal structure 1, berserk 1, blurry vision 1, clever 1, deterioration 2
}: 3/15 runes: decaying, serpentine, silver
a: Heroism, Finesse, Renounce Religion, Evoke Blink


You were on level 5 of the Pits of Slime.
You worshipped Okawaru.
Okawaru was extremely pleased with you.
You were not hungry.

You visited 11 branches of the dungeon, and saw 50 of its levels.
You visited the Abyss 4 times.
You visited 1 bazaar.
You also visited: Gauntlet, Ice Cave and Wizlab.

You collected 9256 gold pieces.
You spent 4785 gold pieces at shops.

Inventory:

Hand Weapons
 b - the +3 sling "Punk" {acid, rCorr}
   (You found it on level 10 of the Dungeon)

   It provides partial protection from all sources of acid and corrosion.
 s - a +7 antimagic hand axe
 V - a +9 war axe of holy wrath (weapon)
Missiles
 t - 375 sling bullets
 x - 672 stones (quivered)
Armour
 c - the +2 pair of boots "Izuergh" (worn) {+Blink}
   (You found it in a Gauntlet)

   It lets you blink.
 h - the +3 crystal plate armour of Nygozock (worn) {rC- MR+ Int+2}
   (You acquired it on level 1 of the Lair of Beasts)

   It affects your intelligence (+2).
   It makes you vulnerable to cold.
   It affects your resistance to hostile enchantments.
 p - a +2 cloak of poison resistance
 B - a +2 cloak of magic resistance (worn)
 R - the +3 pair of gauntlets of War (worn) {Slay+5}
   (You found it on level 5 of the Vaults)

   It affects your accuracy and damage with ranged weapons and melee attacks
   (+5).
 W - a +2 hat of see invisible (worn)
 Y - the +8 large shield of Teocwag (worn) {rC++}
   (You found it in a Gauntlet)

   It greatly protects you from cold.
Jewellery
 g - the ring of the Foremost Planets {rN+ Str+8 Int-2}
   (You found it on level 3 of the Crypt)

   [ring of positive energy]

   It affects your strength (+8).
   It affects your intelligence (-2).
   It protects you from negative energy.
 m - the amulet "Imahir" (around neck) {RegenMP rF+ Str+5 SInv}
   (You took it off a tengu reaver on level 5 of the Vaults)

   [amulet of magic regeneration]

   It increases your magic regeneration.
   It affects your strength (+5).
   It protects you from fire.
   It lets you see invisible.
 C - a ring of protection from magic (right hand)
 D - the ring of the Trout {rF+ AC+3 Int-3 SInv}
   (You bought it in a shop on level 2 of the Orcish Mines)

   [ring of protection]

   It affects your AC (+3).
   It affects your intelligence (-3).
   It protects you from fire.
   It lets you see invisible.
 G - the ring "Redalug" {+Fly rN++}
   (You bought it in a shop on level 3 of the Elven Halls)

   [ring of flight]

   It greatly protects you from negative energy.
   It lets you fly.
 K - a +5 ring of protection
 N - a ring of poison resistance (left hand)
 P - an uncursed ring of protection from fire
 U - an uncursed ring of protection from cold
Wands
 q - a wand of clouds (6)
 H - a wand of polymorph (26)
 I - a wand of iceblast (66)
 S - a wand of paralysis (29)
 T - a wand of scattershot (4)
Scrolls
 a - 6 scrolls of fog
 j - 5 scrolls of holy word
 l - 17 scrolls of teleportation
 u - 11 scrolls of identify
 F - a scroll of summoning
 Q - 6 scrolls of fear
 Z - 2 scrolls of blinking
Potions
 d - 3 potions of might
 i - 3 potions of resistance
 k - 6 potions of curing
 o - 8 potions of lignification
 v - 4 potions of cancellation
 z - 2 potions of berserk rage
 E - 7 potions of haste
 O - a potion of heal wounds
Miscellaneous
 n - 3 phantom mirrors
 r - a phial of floods
 y - a fan of gales (inert)
Comestibles
 f - 33 rations


   Skills:
 + Level 26.6 Fighting
   Level 4.8 Long Blades
 - Level 15.9(16.0) Axes
   Level 2.1(10.9) Maces & Flails
 - Level 20.0 Slings
 * Level 24.0 Armour
 + Level 5.6 Dodging
 + Level 25.7 Shields
 - Level 1.4 Invocations
 + Level 1.9 Evocations


You had 24 spell levels left.
You didn't know any spells.
Your spell library contained the following spells:

 Spells                   Type           Power        Failure   Level  Hunger
 Animate Skeleton         Necr           N/A          91%         1    ##.....
 Apportation              Tloc           #.....       91%         1    ##.....
 Beastly Appendage        Tmut           #.....       91%         1    ##.....
 Confusing Touch          Hex            #.....       91%         1    ##.....
 Freeze                   Ice            #...         91%         1    ##.....
 Infusion                 Chrm           #...         91%         1    ##.....
 Magic Dart               Conj           #...         91%         1    ##.....
 Pain                     Necr           #...         91%         1    ##.....
 Shock                    Conj/Air       #...         91%         1    ##.....
 Summon Butterflies       Summ           #.......     91%         1    ##.....
 Summon Small Mammal      Summ           #...         91%         1    ##.....
 Blink                    Tloc           N/A          97%         2    ###....
 Call Imp                 Summ           #.......     97%         2    ###....
 Corpse Rot               Necr           N/A          97%         2    ###....
 Poisonous Vapours        Pois/Air       #.....       97%         2    ###....
 Searing Ray              Conj           #.....       97%         2    ###....
 Slow                     Hex            #.......     97%         2    ###....
 Song of Slaying          Chrm           #.......     97%         2    ###....
 Sticks to Snakes         Tmut           #.......     97%         2    ###....
 Swiftness                Chrm/Air       #.......     97%         2    ###....
 Throw Frost              Conj/Ice       #.....       97%         2    ###....
 Call Canine Familiar     Summ           #.......     99%         3    ####...
 Confuse                  Hex            #.......     99%         3    ####...
 Conjure Flame            Conj/Fire      #.......     99%         3    ####...
 Dazzling Spray           Conj/Hex       #.....       99%         3    ####...
 Gell's Gravitas          Tloc           #.........   99%         3    ####...
 Ignite Poison            Fire/Tmut/Pois #.......     99%         3    ####...
 Lesser Beckoning         Tloc           #.........   99%         3    ####...
 Mephitic Cloud           Conj/Pois/Air  #.......     99%         3    ####...
 Ozocubu's Armour         Chrm/Ice       #.......     99%         3    ####...
 Recall                   Summ/Tloc      N/A          99%         3    ####...
 Regeneration             Chrm/Necr      #.........   99%         3    ####...
 Spider Form              Tmut/Pois      #.........   99%         3    ####...
 Static Discharge         Conj/Air       #.......     99%         3    ####...
 Stone Arrow              Conj/Erth      #.....       99%         3    ####...
 Summon Guardian Golem    Hex/Summ       #.......     99%         3    ####...
 Tukima's Dance           Hex            #.......     99%         3    ####...
 Vampiric Draining        Necr           #.........   99%         3    ####...
 Airstrike                Air            #.........   100%        4    #####..
 Animate Dead             Necr           N/A          100%        4    #####..
 Force Lance              Conj/Tloc      #.......     100%        4    #####..
 Fulminant Prism          Conj/Hex       #.........   100%        4    #####..
 Ice Form                 Ice/Tmut       #.......     100%        4    #####..
 Iskenderun's Mystic Bla  Conj           #.......     100%        4    #####..
 Leda's Liquefaction      Hex/Erth       #.........   100%        4    #####..
 Petrify                  Tmut/Erth      #.......     100%        4    #####..
 Summon Ice Beast         Ice/Summ       #.......     100%        4    #####..
 Summon Lightning Spire   Summ/Air       #.......     100%        4    #####..
 Throw Icicle             Conj/Ice       #.......     100%        4    #####..
 Alistair's Intoxication  Tmut/Pois      #.......     100%        5    ######.
 Aura of Abjuration       Summ           #.........   100%        5    ######.
 Blade Hands              Tmut           #.........   100%        5    ######.
 Bolt of Magma            Conj/Fire/Erth #.........   100%        5    ######.
 Borgnjor's Vile Clutch   Necr/Erth      #.........   100%        5    ######.
 Dispel Undead            Necr           #.......     100%        5    ######.
 Fireball                 Conj/Fire      #.........   100%        5    ######.
 Irradiate                Conj/Tmut      #.........   100%        5    ######.
 Iskenderun's Battlesphe  Conj/Chrm      #.......     100%        5    ######.
 Lightning Bolt           Conj/Air       #.........   100%        5    ######.
 Metabolic Englaciation   Hex/Ice        #.........   100%        5    ######.
 Summon Demon             Summ           #.........   100%        5    ######.
 Summon Forest            Summ/Tloc      #.........   100%        5    ######.
 Summon Mana Viper        Hex/Summ       #.......     100%        5    ######.
 Venom Bolt               Conj/Pois      #.........   100%        5    ######.
 Yara's Violent Unravell  Hex/Tmut       #.........   100%        5    ######.
 Bolt of Fire             Conj/Fire      #.........   100%        6    #######
 Death Channel            Necr           #.........   100%        6    #######
 Deflect Missiles         Chrm/Air       #.........   100%        6    #######
 Freezing Cloud           Conj/Ice/Air   #.........   100%        6    #######
 Hydra Form               Tmut           #.........   100%        6    #######
 Invisibility             Hex            #.......     100%        6    #######
 Iron Shot                Conj/Erth      #.........   100%        6    #######
 Poison Arrow             Conj/Pois      #.........   100%        6    #######
 Shadow Creatures         Summ           N/A          100%        6    #######
 Simulacrum               Ice/Necr       #.........   100%        6    #######
 Statue Form              Tmut/Erth      #........    100%        6    #######
 Dragon Form              Tmut           #.........   100%        7    #######
 Orb of Destruction       Conj           #.........   100%        7    #######
 Ring of Flames           Chrm/Fire      #.........   100%        7    #######
 Spellforged Servitor     Conj/Summ      #.........   100%        7    #######
 Summon Hydra             Summ           #.........   100%        7    #######
 Chain Lightning          Conj/Air       #.........   100%        8    #######
 Ignition                 Fire           #.........   100%        8    #######
 Lehudib's Crystal Spear  Conj/Erth      #.........   100%        8    #######
 Dragon's Call            Summ           #.........   100%        9    #######
 Fire Storm               Conj/Fire      #.........   100%        9    #######
 Glaciate                 Conj/Ice       #.........   100%        9    #######
 Shatter                  Erth           #.........   100%        9    #######
 Tornado                  Air            #.........   100%        9    #######


Dungeon Overview and Level Annotations

Branches:
Dungeon (15/15)            Temple (1/1) D:7            Lair (6/6) D:9
  Swamp (4/4) Lair:3        Snake (4/4) Lair:4        Slime (5/5) Lair:5
    Orc (2/2) D:9             Elf (3/3) Orc:2        Vaults (5/5) D:13
  Crypt (3/3) Vaults:3       Tomb (0/3) Crypt:3      Depths (2/5) D:15
  IceCv (visited)          WizLab (visited)         Gauntlet (visited)

Altars:
Ashenzari
Cheibriados
Dithmenos
Elyvilon
Fedhas
Gozag
Hepliaklqana
Kikubaaqudgha
Makhleb
Nemelex Xobeh
Okawaru
Qazlal
Ru
Sif Muna
Trog
Uskayaw
Vehumet
Wu Jian
Xom
Yredelemnul
Zin
The Shining One
Jiyva

Shops:
D:10 [   D:15 }   Orc:2 [?!=(   Elf:2 :   Elf:3 %(*=   Snake:2 [}}
Snake:3 !(}:   Vaults:1 *   Vaults:4 =

Portals:
Hell: Depths:1 Depths:2
Ziggurat: Depths:1

Annotations:
D:9 Lair+orcish mines
D:13 putain de abyss du cul de merde à chier de bite
D:15 the depths
Lair:1 S SE loots ZOMG
Lair:3 !swompZ
Lair:4 snake pit
Lair:5 slime pits
Snake:2 shop digging wand
Snake:3 4SHOP (1bookshop)
Slime:5 Royal Jelly
Orc:2 SUPAH SHOP+ ELVEN HALLS
Elf:3 food amy SE shop
Vaults:1 scroll of enchant armor shop
Vaults:2 lancepiR feu
Vaults:3 entrée crypte
Vaults:4 book/unIDaxe
Vaults:5 2h mace of crsh
Crypt:3 the tomb


Innate Abilities, Weirdness & Mutations

You reflexively headbutt those who attack you in melee.
You have a pair of horns on your head.
You are partially covered in large bone plates. (SH +4)
You are partially covered in rugged brown scales. (AC +1, +3% HP)
You have a somewhat thin skeletal structure. (Dex +2, Stealth)
You tend to lose your temper in combat.
Scrolls take you a little longer to read.
Your mind is acute. (Int +2)
Your body often deteriorates upon taking damage.


Message History

You begin reading the scroll.
You continue reading the scroll.
You block the azure jelly's attack. x4
The azure jelly hits you but does no damage.
You block the azure jelly's attack.
The azure jelly hits you but does no damage. x2
The acid blob spits acid at you. The splash of acid hits you!
* * * LOW HITPOINT WARNING * * *
You are splashed with acid!
* * * LOW HITPOINT WARNING * * *
The acid blob spits acid at you. You block the splash of acid.
The acid blob hits you!!
* * * LOW HITPOINT WARNING * * *
The acid corrodes you!
You are splashed with acid!
* * * LOW HITPOINT WARNING * * *
The acid blob spits acid at you. The splash of acid hits you.
* * * LOW HITPOINT WARNING * * *
The acid corrodes you!
You are splashed with acid!
You die...

#### ###...##### ###
#.....#.#.####.###
####...........#....###
##.....................#
#.......................
........J...............
......JJJJ..............
...(((J@JJJ.............
.....JJJJJ..............
......JJJJ.....(........
....J...((....(.........
..........(.............
..........(.............
...........(............
........................
............


You could see the Royal Jelly, 8 acid blobs, 8 azure jellies and 2 death oozes.

Vanquished Creatures
  Sojobo (Vaults:2)
  the Lernaean hydra (Swamp:4)
  Bai Suzhen (Depths:1)
  Frederick (Vaults:3)
  A Hellbinder (WizLab)
  the Enchantress (Depths:1)
  3 profane servitors
  A bone dragon (Crypt:3)
  A hellephant (Abyss:5)
  4 tentacled monstrosities (Vaults:5)
  3 liches
  A Hell Sentinel (Abyss:2)
  5 titans
  A deep elf blademaster (Elf:3)
  A quicksilver dragon (Vaults:5)
  2 deep elf master archers (Elf:3)
  Asterion (Snake:1)
  7 acid blobs
  3 ancient champions
  The ghost of Timpihef the Spry, an adept OpAK of Lugonu (Elf:2)
  7 tentacled starspawn
  4 storm dragons (Vaults:5)
  Donald (Orc:2)
  4 shadow dragons
  2 thorn hunters
  4 azure jellies
  2 sphinxes
  A daeva (Abyss:5)
  5 tengu reavers
  Roxanne (Elf:2)
  10 fire giants
  A blood saint (WizLab)
  7 deep elf sorcerers (Elf:3)
  6 nagarajas
  An iron dragon (Vaults:5)
  2 balrugs
  3 frost giants
  A draconian scorcher (Abyss:2)
  Louise (Swamp:2)
  4 deep elf elementalists (Elf:3)
  2 cacodemons (WizLab)
  14 ghouls
  3 curse skulls
  17 vault wardens
  3 spriggan defenders (Depths:1)
  11 ironheart preservers
  14 very ugly things
  13 stone giants
  An entropy weaver (shapeshifter) (Abyss:2)
  2 war gargoyles
  3 vampire knights
  An entropy weaver (Vaults:5)
  8 deep elf demonologists
  2 lorocyprocas (WizLab)
  7 deep elf annihilators
  Azrael (Orc:2)
  A minotaur (Gauntlet)
  2 white draconians
  Snorg (Lair:3)
  4 spark wasps (Depths:2)
  5 eidola
  10 ettins
  7 deep elf death magi
  A quicksilver dragon zombie (Crypt:2)
  4 death oozes
  22 yaktaur captains
  3 green deaths
  2 jiangshi (Crypt:2)
  6 deep elf high priests
  6 fire dragons
  12 ogre magi
  14 naga warriors
  8 ice dragons
  3 great orbs of eyes
  A ghost crab (Swamp:4)
  A quicksilver dragon skeleton (Crypt:2)
  A hell beast (WizLab)
  22 hydras
  5 rakshasas
  4 spriggan air magi
  3 catoblepae
  4 shambling mangroves
  33 vault guards
  5 anacondas
  9 centaur warriors
  33 dancing weapons
  10 alligators
  6 death knights
  33 two-headed ogres
  A queen ant (Gauntlet)
  4 deep troll shamans
  A vampire mage (Crypt:1)
  4 hell hogs (Abyss:3)
  Urug (Orc:1)
  5 deep troll earth magi
  9 thrashing horrors
  5 orc high priests
  7 shock serpents
  2 spriggan berserkers
  11 death yaks
  20 deep elf knights
  2 titan zombies
  7 sun demons
  12 naga sharpshooters
  2 soul eaters
  9 wretched stars
  30 skeletal warriors
  2 hell knights
  A sixfirhy (WizLab)
  4 spatial maelstroms (Abyss:2)
  3 iron trolls (Depths:2)
  A salamander mystic (Snake:4)
  2 shadow wraiths
  A fire crab (shapeshifter) (D:13)
  6 unseen horrors
  A sea snake (shapeshifter) (Vaults:4)
  An unseen horror (shapeshifter) (Vaults:5)
  A golden dragon zombie (Crypt:3)
  2 shadow demons (WizLab)
  3 spriggan druids
  A storm dragon skeleton (Vaults:3)
  10 deep trolls
  5 flayed ghosts
  4 glowing orange brains
  4 naga ritualists
  3 harpies (Vaults:1)
  9 swamp dragons
  2 obsidian statues
  10 orc knights
  18 starcursed masses
  A tengu zombie (Vaults:3)
  7 necromancers
  7 wizards
  7 ironbrand convokers
  19 deep elf archers
  4 mana vipers
  3 frost giant zombies
  2 lindwurms (Lair:6)
  An anaconda skeleton (Crypt:2)
  The ghost of mortelune the Arsonist, a novice DEFE of Vehumet (D:7)
  7 wolf spiders
  19 phantasmal warriors
  3 wolf spider zombies
  2 stone giant zombies
  A statue (Abyss:2)
  62 deep elf magi
  2 worldbinders
  5 shining eyes
  6 orc sorcerers
  3 orb spiders (shapeshifter)
  24 ugly things
  2 salamanders (shapeshifter)
  A sphinx skeleton (Vaults:3)
  13 cyclopes
  A fire giant zombie (Crypt:3)
  A faun (shapeshifter) (Vaults:5)
  An elephant (shapeshifter) (Vaults:2)
  6 salamanders
  28 large abominations
  2 manticores
  Maurice (D:8)
  An ice statue (IceCv)
  23 black mambas
  A fire giant skeleton (Vaults:3)
  A guardian serpent (Snake:4)
  A torpor snail (shapeshifter) (Vaults:4)
  2 apocalypse crabs (Abyss:4)
  7 smoke demons
  23 naga magi
  3 rust devils (WizLab)
  2 eyes of devastation
  23 spiny frogs
  12 vault sentinels
  7 centaur skeletons
  A stone giant skeleton (Vaults:3)
  3 orange demons
  5 torpor snails (Lair:6)
  2 shock serpent skeletons
  10 kobold demonologists
  5 hellions
  2 rime drakes (Lair:6)
  A swamp worm zombie (Crypt:2)
  3 efreet
  A yaktaur zombie (Vaults:3)
  A komodo dragon (shapeshifter) (Vaults:2)
  A redback zombie (D:15)
  15 freezing wraiths
  7 komodo dragons
  9 trolls
  5 hellwings
  7 ancient zymes
  2 demonic crawlers (Abyss:2)
  A yaktaur skeleton (Vaults:3)
  A silent spectre (Abyss:2)
  8 tengu conjurers
  63 yaktaurs
  An ice devil (Abyss:4)
  An iron troll zombie (Crypt:1)
  13 polar bears
  2 guardian mummies
  3 meliai (D:14)
  A harpy zombie (Crypt:3)
  31 hornets
  9 tyrant leeches
  A red devil (WizLab)
  A polar bear (shapeshifter) (Vaults:1)
  A hydra zombie (Crypt:3)
  A jumping spider (shapeshifter) (Elf:2)
  3 stone giant simulacra
  21 bog bodies
  82 slime creatures
  A wind drake (shapeshifter) (Vaults:2)
  A raiju (shapeshifter) (Abyss:4)
  11 raiju
  11 hippogriffs
  3 ice dragon zombies
  36 blink frogs
  A dream sheep (shapeshifter) (Vaults:3)
  A frost giant simulacrum (Vaults:2)
  5 air elementals
  A black mamba zombie (Crypt:3)
  9 flying skulls (Crypt:1)
  3 centaur simulacra (Gauntlet)
  An alligator skeleton (Crypt:1)
  2 vampires
  5 ynoxinuls
  5 shadows
  3 fire dragon zombies
  A redback (shapeshifter) (Vaults:3)
  15 spriggans
  A tarantella (Vaults:5)
  Sigmund (D:4)
  3 redbacks (Vaults:5)
  2 wyverns
  4 basilisks
  4 water elementals
  14 wraiths
  25 yaks
  2 yaks (shapeshifter) (Vaults:5)
  A spriggan (shapeshifter) (Vaults:4)
  A human (D:8)
  A hungry ghost (D:8)
  14 golden eyes
  A basilisk (shapeshifter) (D:13)
  10 fire elementals
  3 hogs (D:8)
  5 chaos spawn
  7 neqoxecs
  2 steam dragons (Lair:6)
  8 spatial vortices (Abyss:2)
  A yaktaur simulacrum (Vaults:3)
  19 vampire mosquitoes
  12 swamp worms
  Menkaure (D:7)
  17 insubstantial wisps
  3 wargs
  63 nagas
  6 soldier ants
  14 water moccasins
  A two-headed ogre zombie (Crypt:1)
  A hydra simulacrum (Crypt:2)
  4 acid dragons
  A hell hound (Orc:2)
  A floating eye (Depths:2)
  2 sky beasts
  A floating eye (shapeshifter) (Vaults:1)
  A merfolk skeleton (Crypt:2)
  7 porcupines
  12 swamp drakes
  An ice beast (shapeshifter) (D:15)
  40 orc warriors
  3 black bears
  2 ice beasts
  A snapping turtle zombie (Crypt:3)
  3 eyes of draining
  46 ogres
  An elephant skeleton (Crypt:1)
  3 phantoms
  3 boggarts (Vaults:3)
  15 necrophages
  A centaur (shapeshifter) (Vaults:5)
  15 wolves (IceCv)
  9 centaurs
  2 swamp dragon skeletons (Crypt:2)
  19 crocodiles
  10 big kobolds
  A big kobold (shapeshifter) (Depths:1)
  An earth elemental (Elf:3)
  12 bullfrogs
  A water moccasin zombie (D:8)
  A glowing shapeshifter simulacrum (Vaults:3)
  A hippogriff skeleton (Crypt:2)
  A cyclops skeleton (Crypt:1)
  A wyvern zombie (D:13)
  2 hornet simulacra
  7 wyvern skeletons
  13 small abominations
  6 scorpions
  9 killer bees
  6 howler monkeys
  14 wights
  5 electric eels
  5 crimson imps
  A human simulacrum (Vaults:3)
  A black bear zombie (Crypt:1)
  11 centaur zombies
  8 hounds
  A human zombie (Crypt:3)
  5 jellies
  4 quasits
  3 bullfrog zombies
  A bullfrog skeleton (D:12)
  40 orc priests
  35 orc wizards
  4 iron imps
  6 iguanas
  A porcupine zombie (Crypt:1)
  Natasha (thrice) (D:3)
  A human skeleton (Crypt:1)
  10 worker ants
  A bullfrog simulacrum (Gauntlet)
  A hound zombie (D:3)
  8 mummies
  2 worker ant zombies
  7 gnolls
  22 adders
  2 shadow imps
  A white imp (Abyss:2)
  2 oozes
  4 adder skeletons
  An adder zombie (D:8)
  7 worms
  A dart slug (D:1)
  4 leopard geckos
  108 orcs
  A ball python (shapeshifter) (D:13)
  6 giant cockroaches
  11 goblins
  6 hobgoblins
  8 jackals
  20 kobolds
  6 quokkas
  9 ball pythons
  8 bats
  9 frilled lizards
  A frilled lizard skeleton (Crypt:1)
  A giant cockroach zombie (D:5)
  A kobold skeleton (Crypt:2)
  A kobold zombie (Crypt:3)
  A leopard gecko skeleton (Crypt:2)
  An orc skeleton (Crypt:1)
  An orc zombie (Crypt:1)
  A quokka skeleton (D:4)
  11 rats
  A rat zombie (Crypt:2)
  A river rat zombie (Crypt:2)
  5 crawling corpses (Elf:3)
  2 fungi
  A lurking horror (Abyss:3)
  14 plants
  11 starspawn tentacles
  8 withered plants (Crypt:3)
2491 creatures vanquished.

Vanquished Creatures (collateral kills)
  A mummy priest (Crypt:3)
  2 hydras (Swamp:4)
  An insubstantial wisp (Swamp:4)
  A swamp drake (Swamp:4)
5 creatures vanquished.

Vanquished Creatures (others)
  A tengu reaver (Vaults:2)
  2 hydras (Swamp:4)
  An alligator (Swamp:4)
  A flayed ghost (Abyss:5)
  2 swamp dragons (Swamp:4)
  An ancient zyme (Abyss:4)
  A hornet (shapeshifter) (Depths:1)
  2 blink frogs (Swamp:4)
  2 nagas
  A swamp drake (Swamp:4)
  A boggart (Vaults:3)
  An ogre (Vaults:5)
  2 orc priests (Elf:1)
  8 orcs
  A bat (D:2)
  A bush (Swamp:4)
  33 demonic plants (Gauntlet)
  18 fungi
  A lurking horror (Abyss:2)
  11 plants
  15 starspawn tentacles
  13 withered plants (Crypt:3)
119 creatures vanquished.

Grand Total: 2615 creatures vanquished

Notes
Turn   | Place    | Note
-------+----------+-------------------------------------------
     0 | D:1      | Incroyableducul the Minotaur Fighter began the quest for
                  | the Orb.
     0 | D:1      | Reached XP level 1. HP: 19/19 MP: 0/0
   492 | D:1      | Reached XP level 2. HP: 27/27 MP: 1/1
   907 | D:2      | Reached XP level 3. HP: 33/33 MP: 2/2
  1378 | D:2      | Noticed a phantom
  1394 | D:2      | Killed a phantom
  1394 | D:2      | Reached skill level 4 in Fighting
  1394 | D:2      | Reached skill level 1 in Dodging
  1394 | D:2      | Reached XP level 4. HP: 30/40 MP: 3/3
  1463 | D:2      | Reached XP level 5. HP: 45/46 MP: 4/4
  1860 | D:2      | Found a stormy altar of Qazlal.
  1860 | D:2      | Found a bloodstained altar of Trog.
  2324 | D:3      | Reached skill level 5 in Axes
  2399 | D:3      | Noticed Natasha
  2403 | D:3      | Killed Natasha
  2403 | D:3      | Reached XP level 6. HP: 44/52 MP: 5/5
  2418 | D:3      | Noticed Natasha
  2428 | D:3      | Killed Natasha
  2760 | D:3      | Reached skill level 5 in Shields
  2982 | D:3      | Noticed Natasha
  2989 | D:3      | Killed Natasha
  3296 | D:4      | Reached XP level 7. HP: 60/60 MP: 6/6
  3385 | D:4      | Reached skill level 5 in Armour
  3590 | D:4      | Noticed Sigmund
  3598 | D:4      | Killed Sigmund
  4025 | D:5      | Entered Level 5 of the Dungeon
  4498 | D:5      | Reached XP level 8. HP: 36/67 MP: 7/7
  4969 | D:6      | Reached skill level 5 in Fighting
  5099 | D:6      | Reached skill level 10 in Axes
  5449 | D:6      | Reached XP level 9. HP: 67/74 MP: 8/8
  6121 | D:6      | Found a glowing golden altar of the Shining One.
  6129 | D:6      | Became a worshipper of the Shining One
  6317 | D:7      | Found a transporter.
  6318 | D:7      | Found a transporter.
  6318 | D:7      | Identified the +5 dire flail "Cevaul" {antimagic, SInv}
  6318 | D:7      | Noticed mortelune's ghost (novice DEFE)
  6399 | D:7      | Found a burning altar of Makhleb.
  6399 | D:7      | Found a radiant altar of Vehumet.
  6440 | D:7      | Found a staircase to the Ecumenical Temple.
  6738 | D:7      | Noticed Menkaure
  6740 | D:7      | Killed Menkaure
  6866 | D:8      | Reached * piety under the Shining One
  6924 | D:8      | Reached skill level 6 in Fighting
  7336 | D:8      | Reached XP level 10. HP: 77/83 MP: 9/9
  7507 | D:8      | Reached ** piety under the Shining One
  7507 | D:8      | Noticed Maurice
  7517 | D:8      | Killed Maurice
  7523 | D:8      | Reached skill level 1 in Long Blades
  7737 | D:9      | Noticed a cyclops
  7751 | D:9      | Killed a cyclops
  8069 | D:9      | Reached skill level 7 in Fighting
  8181 | D:9      | Noticed a cyclops
  8189 | D:9      | Killed a cyclops
  8584 | D:9      | Found a staircase to the Orcish Mines.
  8754 | D:9      | Got a steaming leather armour
  8765 | D:9      | Identified the +2 leather armour of Misanthropy {Dex+2
                  | Stlth+} (You found it on level 9 of the Dungeon)
  8775 | D:9      | Gained mutation: You are frail. (-10% HP) [potion of
                  | mutation]
  8775 | D:9      | Gained mutation: You do not regenerate when monsters are
                  | visible. [potion of mutation]
  8775 | D:9      | Gained mutation: Your mind is acute. (Int +2) [potion of
                  | mutation]
  8775 | D:9      | Lost mutation: You are frail. (-10% HP) [potion of
                  | mutation]
  8776 | D:9      | Lost mutation: Your mind is acute. (Int +2) [potion of
                  | mutation]
  8776 | D:9      | Lost mutation: You do not regenerate when monsters are
                  | visible. [potion of mutation]
  8776 | D:9      | Gained mutation: You have a somewhat thin skeletal
                  | structure. (Dex +2, Stealth) [potion of mutation]
  8776 | D:9      | Gained mutation: Your mind is acute. (Int +2) [potion of
                  | mutation]
  8776 | D:9      | Gained mutation: You are partially covered in large bone
                  | plates. (SH +4) [potion of mutation]
  8776 | D:9      | Gained mutation: You are partially covered in rugged brown
                  | scales. (AC +1, +3% HP) [potion of mutation]
  9237 | D:9      | Found a staircase to the Lair.
  9602 | D:10     | Entered Level 10 of the Dungeon
  9623 | D:10     | Noticed an unseen horror
  9630 | D:10     | Killed an unseen horror
  9630 | D:10     | Reached XP level 11. HP: 94/94 MP: 10/10
  9646 | D:10     | Found Ufosmul's Armour Boutique.
  9648 | D:10     | Found the +3 sling "Punk" {acid, rCorr}
  9945 | D:10     | Noticed an unseen horror
  9952 | D:10     | Noticed a centaur warrior
  9954 | D:10     | Killed an unseen horror
  9967 | D:10     | Killed a centaur warrior
 10461 | D:11     | Noticed a two-headed ogre
 10468 | D:11     | Killed a two-headed ogre
 10468 | D:11     | Reached skill level 8 in Fighting
 10468 | D:11     | Reached skill level 10 in Armour
 10468 | D:11     | Reached skill level 10 in Shields
 10479 | D:11     | Reached *** piety under the Shining One
 10587 | D:11     | Noticed a brown ugly thing
 10595 | D:11     | Killed a brown ugly thing
 10650 | D:11     | Reached skill level 1 in Slings
 10789 | D:11     | Noticed a white ugly thing
 10796 | D:11     | Killed a white ugly thing
 11192 | D:11     | Noticed a two-headed ogre
 11197 | D:11     | Killed a two-headed ogre
 11446 | D:12     | Noticed a death knight
 11446 | D:12     | Noticed a skeletal warrior
 11452 | D:12     | Killed a death knight
 11457 | D:12     | Reached XP level 12. HP: 60/106 MP: 11/11
 11468 | D:12     | Reached skill level 5 in Slings
 11699 | D:12     | Reached skill level 9 in Fighting
 11821 | D:12     | Reached skill level 1 in Invocations
 12155 | D:12     | Noticed a two-headed ogre
 12161 | D:12     | Killed a two-headed ogre
 12209 | D:12     | Reached **** piety under the Shining One
 13143 | D:13     | Noticed a vault guard
 13146 | D:13     | Noticed a vault guard
 13149 | D:13     | Noticed a vault guard
 13152 | D:13     | Killed a vault guard
 13338 | D:13     | Reached skill level 10 in Fighting
 13382 | D:13     | Found a gate to the Vaults.
 13416 | D:13     | Noticed a catoblepas
 13422 | D:13     | Killed a catoblepas
 13447 | D:13     | Killed a vault guard
 13526 | D:13     | Killed a vault guard
 13540 | D:13     | Noticed a vault guard
 13545 | D:13     | Killed a vault guard
 13545 | D:13     | Reached skill level 10 in Slings
 13596 | D:13     | Reached XP level 13. HP: 116/116 MP: 12/12
 14384 | Lair:1   | Entered Level 1 of the Lair of Beasts
 14594 | Lair:1   | You fall into a shaft and drop 1 floor!
 14984 | Lair:2   | Found a frozen archway.
 14994 | IceCv    | Entered an ice cave
 14994 | IceCv    | Reached ***** piety under the Shining One
 15056 | IceCv    | Reached skill level 11 in Fighting
 15226 | IceCv    | Noticed a frost giant
 15262 | IceCv    | Killed a frost giant
 16493 | Lair:3   | Found a staircase to the Swamp.
 16855 | Lair:3   | Reached XP level 14. HP: 74/128 MP: 13/13
 17227 | Lair:3   | Noticed Snorg
 17232 | Lair:3   | Killed Snorg
 17583 | Lair:4   | Reached skill level 12 in Fighting
 17603 | Lair:4   | Found a staircase to the Snake Pit.
 17784 | Lair:4   | Found a gate leading to a gauntlet.
 17823 | Gauntlet | Entered a Gauntlet
 17823 | Gauntlet | Found a transporter.
 17843 | Gauntlet | Found a transporter.
 17848 | Gauntlet | Found a transporter.
 17853 | Gauntlet | Found a transporter.
 17870 | Gauntlet | Found a transporter.
 17888 | Gauntlet | Found a transporter.
 17900 | Gauntlet | Found a transporter.
 17912 | Gauntlet | Found a transporter.
 17924 | Gauntlet | Found a transporter.
 17936 | Gauntlet | Found a transporter.
 17936 | Gauntlet | Reached ****** piety under the Shining One
 17954 | Gauntlet | Found a transporter.
 17974 | Gauntlet | Found a transporter.
 17976 | Gauntlet | Found a transporter.
 18008 | Gauntlet | Found a transporter.
 18010 | Gauntlet | Found a transporter.
 18012 | Gauntlet | Found a transporter.
 18038 | Gauntlet | Found a transporter.
 18040 | Gauntlet | Found a transporter.
 18754 | Gauntlet | Got a pair of faintly glowing boots
 18760 | Gauntlet | Identified the +2 pair of boots "Izuergh" {+Blink} (You
                  | found it in a Gauntlet)
 18943 | Gauntlet | Got a pitted large shield
 18955 | Gauntlet | Identified the +8 large shield of Teocwag {rC++} (You found
                  | it in a Gauntlet)
 20229 | Lair:5   | Found a viscous altar of Jiyva.
 20230 | Lair:5   | Found a staircase to the Slime Pits.
 20313 | Lair:6   | Entered Level 6 of the Lair of Beasts
 20587 | Lair:1   | Reached skill level 13 in Fighting
 21380 | Orc:1    | Entered Level 1 of the Orcish Mines
 21456 | Orc:2    | Entered Level 2 of the Orcish Mines
 21637 | Orc:2    | Found Oseosm's Weapon Shoppe.
 21638 | Orc:2    | Noticed Donald
 21654 | Orc:2    | Killed Donald
 22157 | Orc:2    | Noticed Azrael
 22165 | Orc:2    | Killed Azrael
 22314 | Orc:2    | Reached skill level 14 in Fighting
 22314 | Orc:2    | Reached XP level 15. HP: 127/142 MP: 14/14
 22608 | Orc:2    | Found Vashofed's Antique Armour Shoppe.
 22608 | Orc:2    | Found Ethront's Magic Scroll Shoppe.
 22609 | Orc:2    | Found Asageuw's Jewellery Emporium.
 22612 | Orc:2    | Found Vanonuiz's Distillery.
 22619 | Orc:2    | Bought the ring of the Trout {rF+ AC+3 Int-3 SInv} for 592
                  | gold pieces
 22622 | Orc:2    | Bought a scroll of identify for 20 gold pieces
 22622 | Orc:2    | Bought a scroll of identify for 20 gold pieces
 22622 | Orc:2    | Bought a scroll of identify for 20 gold pieces
 22622 | Orc:2    | Bought a scroll of identify for 20 gold pieces
 22692 | Orc:2    | Found a staircase to the Elven Halls.
 23076 | Orc:1    | Noticed Urug
 23100 | Orc:1    | Killed Urug
 23626 | Orc:2    | Bought a shiny plate armour for 754 gold pieces
 23626 | Orc:2    | Bought a runed scarf for 232 gold pieces
 24154 | Swamp:1  | Entered Level 1 of the Swamp
 24615 | Swamp:1  | Reached skill level 15 in Axes
 25358 | Swamp:2  | Reached skill level 15 in Shields
 25788 | Swamp:2  | Noticed Louise
 25801 | Swamp:2  | Killed Louise
 25959 | Swamp:2  | Reached skill level 15 in Fighting
 25967 | Swamp:2  | Noticed a thorn hunter
 25981 | Swamp:2  | Killed a thorn hunter
 26633 | Swamp:3  | Noticed a thorn hunter
 26651 | Swamp:3  | Killed a thorn hunter
 26723 | Swamp:3  | Reached XP level 16. HP: 122/153 MP: 15/15
 27885 | Swamp:4  | Entered Level 4 of the Swamp
 28153 | Swamp:4  | HP: 2/155 [alligator[a spriggan druid] (9)]
 28173 | Swamp:4  | Identified the +1 chain mail of Somewhere Else {rPois SInv}
 28190 | Swamp:4  | The Shining One protects you from harm!
 28191 | Swamp:4  | Noticed the 27-headed Lernaean hydra
 28248 | Swamp:4  | Reached skill level 16 in Fighting
 29637 | Swamp:4  | Reached skill level 1 in Evocations
 29900 | Swamp:4  | Killed the 12-headed Lernaean hydra
 30188 | Swamp:4  | Got a decaying rune of Zot
 31082 | Orc:1    | You fall into a shaft and drop 1 floor!
 31129 | Orc:2    | Bought a scroll of enchant armour for 75 gold pieces
 31129 | Orc:2    | Bought a scroll of teleportation for 30 gold pieces
 31133 | Orc:2    | Bought a potion of resistance for 120 gold pieces
 31133 | Orc:2    | Bought a potion of curing for 36 gold pieces
 31133 | Orc:2    | Bought 2 potions of curing for 72 gold pieces
 31133 | Orc:2    | Bought 2 potions of heal wounds for 120 gold pieces
 31133 | Orc:2    | Bought a potion of curing for 36 gold pieces
 31133 | Orc:2    | Bought a potion of curing for 36 gold pieces
 31133 | Orc:2    | Bought a potion of curing for 36 gold pieces
 31409 | Snake:1  | Entered Level 1 of the Snake Pit
 31496 | Snake:1  | Noticed Asterion
 31508 | Snake:1  | Killed Asterion
 31606 | Snake:1  | Reached skill level 15 in Armour
 32346 | Snake:2  | Reached XP level 17. HP: 134/164 MP: 13/16
 32732 | Snake:2  | Reached skill level 1 in Maces & Flails
 32750 | Snake:2  | Found Umezoef's Armour Emporium.
 32752 | Snake:2  | Found Uschit's Gadget Shoppe.
 32756 | Snake:2  | Found Eseoteuph's Gadget Emporium.
 32905 | Snake:2  | You fall into a shaft and drop 1 floor!
 33143 | Snake:3  | Reached skill level 17 in Fighting
 33262 | Snake:3  | Found Qufuic's Book Shop.
 33263 | Snake:3  | Found Wyigoz's Gadget Shop.
 33263 | Snake:3  | Found Rear Jue's Weapon Boutique.
 33275 | Snake:3  | Found Licha's Distillery.
 33742 | Snake:4  | Entered Level 4 of the Snake Pit
 34973 | Snake:4  | Reached skill level 18 in Fighting
 35277 | Snake:4  | Identified a scroll of acquirement
 35416 | Snake:4  | Got a serpentine rune of Zot
 36586 | Lair:6   | Found a runed translucent door.
 36590 | Lair:6   | Reached XP level 18. HP: 177/177 MP: 17/17
 37753 | Vaults:1 | Entered Level 1 of the Vaults
 38049 | Vaults:1 | Got a jasper-encrusted chain mail
 38166 | Vaults:1 | Identified the +4 chain mail of Kindness {rCorr} (You found
                  | it on level 1 of the Vaults)
 38372 | Vaults:1 | Reached skill level 15 in Slings
 38633 | Vaults:1 | Found Taroicic's Assorted Antiques.
 39163 | Vaults:2 | Reached skill level 19 in Fighting
 39164 | Vaults:2 | Noticed a Brimstone Fiend
 39175 | Vaults:2 | Cast into level 3 of the Abyss (a deep elf demonologist)
 39422 | Abyss:4  | Noticed a profane servitor
 39445 | Abyss:4  | Killed a profane servitor
 39647 | Abyss:4  | Reached XP level 19. HP: 142/151 MP: 14/14
 39727 | Abyss:4  | Lost intelligence.
 39739 | Vaults:2 | Escaped the Abyss
 39740 | Vaults:2 | Noticed a Brimstone Fiend
 41379 | D:15     | Entered Level 15 of the Dungeon
 41622 | D:15     | Found a staircase to the Depths.
 41963 | D:15     | Found Biyz's Gadget Boutique.
 42026 | D:15     | Got a polished long sword
 42209 | D:15     | Found a shadowy altar of Dithmenos.
 42981 | Lair:1   | Identified the +4 long sword of Destiny {venom, rN+ MR+}
                  | (You found it on level 15 of the Dungeon)
 43182 | D:7      | Killed mortelune's ghost
 44061 | Vaults:2 | Reached skill level 20 in Fighting
 45149 | Vaults:2 | Reached XP level 20. HP: 198/198 MP: 19/19
 45275 | Vaults:2 | Noticed Sojobo
 45322 | Vaults:2 | Killed Sojobo
 46278 | Vaults:3 | Found a gateway to a bazaar.
 46287 | Bazaar   | Entered a bazaar
 46287 | Bazaar   | Found Aqyol's Weapon Boutique.
 46298 | Bazaar   | Found Vapeexog's Armour Shop.
 46313 | Bazaar   | Bought a +4 chain mail of positive energy for 484 gold
                  | pieces
 46328 | Bazaar   | Found Zumoih's Magic Scroll Boutique.
 46339 | Bazaar   | Bought a scroll of teleportation for 42 gold pieces
 46339 | Bazaar   | Bought a scroll of teleportation for 42 gold pieces
 46339 | Bazaar   | Bought a scroll of identify for 28 gold pieces
 46339 | Bazaar   | Bought a scroll of identify for 28 gold pieces
 46339 | Bazaar   | Bought a scroll of identify for 28 gold pieces
 46341 | Bazaar   | Bought a scroll of enchant armour for 105 gold pieces
 46344 | Bazaar   | Bought a scroll of identify for 28 gold pieces
 46344 | Bazaar   | Bought a scroll of summoning for 133 gold pieces
 46364 | Bazaar   | Found Odunov's Book Shoppe.
 46408 | Vaults:3 | You fall into a shaft and drop 1 floor!
 47002 | Vaults:3 | HP: 9/200 [deep troll earth mage/blast of metal
                  | fragments[an ironheart preserver] (21)]
 47010 | Vaults:2 | HP: 9/200 [poisoned by a deep elf annihilator (poison
                  | arrow)]
 48675 | Vaults:3 | Noticed Frederick
 48701 | Vaults:3 | Killed Frederick
 49234 | Vaults:3 | Found a shimmering altar of Xom.
 49826 | Vaults:3 | Found a basalt altar of Yredelemnul.
 49849 | Vaults:3 | Found an ancient bone altar of Kikubaaqudgha.
 50402 | Vaults:4 | Found Hefyeqeo's Jewellery Shop.
 50407 | Vaults:4 | Bought an uncursed amulet of the acrobat for 570 gold
                  | pieces
 50477 | Vaults:4 | Reached skill level 21 in Fighting
 50671 | Vaults:4 | Reached XP level 21. HP: 210/210 MP: 21/21
 51260 | Vaults:5 | Entered Level 5 of the Vaults
 51304 | Vaults:5 | Identified the +1 robe of Fun {rN+ MR+ Str+3}
 53135 | Vaults:5 | Reached skill level 5 in Dodging
 53632 | Vaults:5 | Identified the amulet "Imahir" {RegenMP rF+ Str+5 SInv}
 54310 | Vaults:5 | Reached XP level 22. HP: 147/221 MP: 22/22
 54992 | Vaults:5 | Reached skill level 22 in Fighting
 55148 | Vaults:5 | Found the +3 pair of gauntlets of War {Slay+5}
 55202 | Vaults:5 | Identified the +7 plate armour "Kuppi" {rElec Int+2}
 55476 | Vaults:5 | Got a silver rune of Zot
 58603 | Elf:1    | Entered Level 1 of the Elven Halls
 59229 | Elf:1    | Found Bokk's Distillery.
 59849 | Elf:1    | Found a runed translucent gate.
 59849 | Elf:1    | Found a runed translucent gate.
 59849 | Elf:1    | Found a runed translucent gate.
 59849 | Elf:1    | Found a runed translucent gate.
 59849 | Elf:1    | Found a runed translucent gate.
 59851 | Elf:1    | Found a runed translucent gate.
 60036 | Elf:2    | Found Zaqeng's Book Emporium.
 60153 | Elf:1    | Cast into level 5 of the Abyss (a distortion unwield)
 60153 | Abyss:5  | Entered Level 5 of the Abyss
 60157 | Abyss:5  | Found an opulent altar of Gozag.
 60380 | Elf:1    | Escaped the Abyss
 60643 | Elf:2    | Noticed Roxanne
 60651 | Elf:2    | Killed Roxanne
 60806 | Elf:2    | Found a runed translucent gate.
 60806 | Elf:2    | Found a runed translucent gate.
 60806 | Elf:2    | Found a runed translucent gate.
 60829 | Elf:2    | Found a runed translucent door.
 60832 | Elf:2    | Noticed Timpihef's ghost (adept OpAK)
 60850 | Elf:2    | Killed Timpihef's ghost
 61686 | Elf:3    | Entered Level 3 of the Elven Halls
 61741 | Elf:3    | Found Biehoo Ruresh's Antique Weapon Shoppe.
 61813 | Elf:3    | Got a smoking dagger
 61846 | Elf:3    | Identified the +3 dagger of Ravage {speed, rElec rN++ Int+3
                  | Dex-3} (You found it on level 3 of the Elven Halls)
 61861 | Elf:3    | Reached XP level 23. HP: 231/231 MP: 23/23
 61870 | Elf:3    | Found Seippar's Jewellery Emporium.
 61883 | Elf:3    | Bought the ring "Redalug" {+Fly rN++} for 630 gold pieces
 62090 | Lair:1   | Identified a +6 war axe of holy wrath (a +4 war axe of
                  | distortion blessed by the Shining One)
 62090 | Lair:1   | Received a gift from the Shining One
 62112 | Lair:1   | Got a crude crystal plate armour
 62113 | Lair:1   | Identified the +3 crystal plate armour of Nygozock {rC- MR+
                  | Int+2} (You acquired it on level 1 of the Lair of Beasts)
 62675 | Temple   | Entered the Ecumenical Temple
 62688 | Temple   | Fell from the grace of the Shining One
 62688 | Temple   | Became a worshipper of Warmaster Okawaru
 63160 | Elf:3    | Found Jedducop's Food Shop.
 63445 | Elf:3    | Reached * piety under Okawaru
 63460 | Elf:3    | Reached skill level 23 in Fighting
 64159 | Elf:3    | Reached ** piety under Okawaru
 64160 | Elf:3    | Cast into level 2 of the Abyss (a deep elf demonologist)
 64553 | Abyss:2  | Found a corrupted altar of Lugonu.
 64944 | Abyss:2  | HP: 11/233 [Hell Sentinel (25)]
 65476 | Abyss:2  | Reached *** piety under Okawaru
 65769 | Elf:3    | Escaped the Abyss
 65783 | Elf:3    | Identified the Almanac of Creative Good Luck
 66218 | Elf:3    | Got a dazzling arbalest
 66247 | Elf:3    | Identified the Incunabulum of Sinister Secrets and Snow
 66268 | Elf:3    | Received a gift from Okawaru
 66428 | Elf:3    | Identified the +8 battleaxe of the Vestibule of Hell
                  | {antimagic, rF+ Dex+5}
 66446 | Elf:3    | Cast into level 3 of the Abyss (a deep elf sorcerer)
 66446 | Abyss:3  | Found a corrupted altar of Lugonu.
 66527 | Elf:3    | Escaped the Abyss
 66535 | Elf:3    | Reached **** piety under Okawaru
 67044 | Lair:1   | Identified the +5 arbalest "Del Toink" {elec, rC+} (You
                  | found it on level 3 of the Elven Halls)
 67264 | Elf:3    | Received a gift from Okawaru
 67493 | Elf:3    | Identified the +0 ring mail "Mubedeq" {rF+ MR+ Stlth+}
 67819 | Elf:3    | Found Kifiy's General Store.
 67828 | Elf:3    | Bought a scroll of identify for 32 gold pieces
 67828 | Elf:3    | Bought 20 sling bullets for 160 gold pieces
 67828 | Elf:3    | Bought 26 sling bullets for 208 gold pieces
 67828 | Elf:3    | Bought a potion of curing for 48 gold pieces
 68247 | Elf:3    | Got a pitted trident
 68532 | Lair:1   | Identified the +9 trident of Tender Mercy {pierce, *Noise
                  | Int+4 Dex+4} (You found it on level 3 of the Elven Halls)
 69056 | Crypt:1  | Entered Level 1 of the Crypt
 69261 | Crypt:1  | Received a gift from Okawaru
 70135 | Crypt:2  | Reached skill level 24 in Fighting
 70226 | Crypt:2  | Received a gift from Okawaru
 70281 | Crypt:2  | Reached XP level 24. HP: 245/245 MP: 23/23
 70939 | Crypt:3  | Entered Level 3 of the Crypt
 71044 | Crypt:3  | Found a basalt altar of Yredelemnul.
 71197 | Crypt:3  | Reached ***** piety under Okawaru
 72263 | Crypt:3  | Received a gift from Okawaru
 72500 | Crypt:3  | Got a shimmering wooden ring
 72500 | Crypt:3  | Got a transparent tin ring
 72502 | Crypt:3  | Identified the ring of the Foremost Planets {rN+ Str+8
                  | Int-2} (You found it on level 3 of the Crypt)
 72503 | Crypt:3  | Identified the ring "Wuzudaung" {rN+ Dex+3} (You found it
                  | on level 3 of the Crypt)
 72802 | Crypt:3  | Received a gift from Okawaru
 73042 | Crypt:3  | Reached skill level 25 in Fighting
 74338 | Crypt:3  | Found a staircase to the Tomb.
 75360 | D:13     | You fall into a shaft and drop 2 floors!
 75438 | Depths:1 | Entered Level 1 of the Depths
 75443 | Depths:1 | Received a gift from Okawaru
 75626 | Depths:1 | Noticed the Enchantress
 75659 | Depths:1 | Killed the Enchantress
 75659 | Depths:1 | Received a gift from Okawaru
 75864 | Depths:1 | Found a gateway to a ziggurat.
 75920 | Depths:1 | Found a gateway to Hell.
 76210 | Depths:1 | Received a gift from Okawaru
 76230 | Depths:1 | Noticed Bai Suzhen
 76254 | Depths:1 | Killed Bai Suzhen
 76465 | Depths:1 | Received a gift from Okawaru
 76816 | Depths:2 | Found a radiant altar of Vehumet.
 76817 | Depths:2 | Found a shimmering blue altar of Sif Muna.
 76817 | Depths:2 | Found a sparkling altar of Nemelex Xobeh.
 76817 | Depths:2 | Found a white marble altar of Elyvilon.
 76844 | Depths:2 | Paralysed by a floating eye for 3 turns
 76855 | Depths:2 | Paralysed by a floating eye for 4 turns
 76882 | Depths:2 | Paralysed by a floating eye for 3 turns
 76896 | Depths:2 | Paralysed by a floating eye for 2 turns
 76919 | Depths:2 | Received a gift from Okawaru
 77017 | Depths:2 | Received a gift from Okawaru
 77079 | Depths:2 | Reached XP level 25. HP: 184/260 MP: 23/23
 77218 | Depths:2 | Found a magical portal.
 77301 | WizLab   | Reached skill level 26 in Fighting
 78080 | WizLab   | Found a burning altar of Makhleb.
 78280 | WizLab   | Identified the Reference Book on Creation
 79214 | Depths:2 | Got a polished demon blade
 79219 | Depths:2 | Identified the cursed +2 demon blade of Bloody Death
                  | {slice, +Rage} (You found it on level 2 of the Depths)
 79349 | Depths:2 | Got a warped scimitar
 79914 | Depths:2 | Got a polished ring mail {god gift}
 80667 | Lair:1   | Identified the +5 scimitar of Yesterday {vamp, rC+} (You
                  | found it on level 2 of the Depths)
 80678 | Lair:1   | Identified the +6 ring mail "Qonwuoxa" {Str+2} (Okawaru
                  | gifted it to you on level 2 of the Depths)
 80866 | Slime:1  | Entered Level 1 of the Pits of Slime
 80868 | Slime:1  | Gained mutation: Scrolls take you a little longer to read.
                  | [a shining eye]
 81761 | Slime:2  | Received a gift from Okawaru
 82213 | Slime:2  | Gained mutation: Your body sometimes deteriorates upon
                  | taking damage. [a shining eye]
 82215 | Slime:2  | Gained mutation: Your body often deteriorates upon taking
                  | damage. [a shining eye]
 83068 | Slime:4  | Gained mutation: You tend to lose your temper in combat. [a
                  | shining eye]
 83160 | Slime:5  | Entered Level 5 of the Pits of Slime
 83277 | Slime:5  | Noticed the Royal Jelly
 83298 | Slime:5  | HP: 13/262 [acid[the Royal Jelly] (8)]
 83298 | Slime:5  | Splashed by an acid blob's acid

Levels and vault maps discovered:
D:1:      saegor_arrival_simple_d, layout_basic, glass_columns_c
D:2:      layout_basic, gammafunk_temple_overflow_statue, first_ration,
          st_stairs_3, kennysheep_generic_room_10
D:3:      layout_rooms, kennysheep_decorative_pillar,
          minmay_misc_feat_nine_boxes, uniq_natasha
D:4:      layout_loops_ring, uniq_sigmund
D:5:      layout_basic
D:6:      layout_rooms, tso_altar
D:7:      layout_loops_ring, grunt_temple_overflow_lords_of_destruction,
          minmay_temple_entry_proselytizer, gammafunk_ghost_smash, uniq_menkaure
D:8:      layout_basic, grunt_livestock, uniq_maurice
D:9:      layout_grid_maze, lair_entry_dummy, orc_0_dummy,
          lightli_fourway_metalbox
D:10:     layout_gridville, serial_shops, nicolae_shop_crystal,
          minmay_fractal_squares_gapless_7
D:11:     layout_loops_ring
D:12:     minmay_open_boxes_in_corner, layout_loops_ring
D:13:     layout_basic, lightli_vaults_fourway_checkpoint
D:14:     layout_gridville, serial_park_tiny_1
D:15:     grunt_enter_depths_magical_seal, layout_rooms, grunt_dithmenos_smoke,
          serial_shops, shop, serial_undead, serial_undead_c, serial_undead_a,
          serial_undead_c, serial_undead_a, serial_undead_b, serial_undead_d,
          serial_undead_d, serial_undead_f
Temple:   nicolae_temple_no_exploring_needed
Lair:1:   layout_cave_pods, serial_bayou, serial_bayou_pond_b,
          serial_bayou_pond_b, serial_bayou_pond_d, serial_bayou_lagoon_a,
          serial_bayou_pond_a, nicolae_quartered_pool_little
Lair:2:   layout_loops_ring, portal_ice_cave_entry_pillars_1
Lair:3:   layout_regular_city, minmay_swamp_entry_swarm, uniq_snorg
Lair:4:   layout_misc_corridors, minmay_snake_entry_six_corridors,
          gauntlet_entry_generic, serial_bayou_lagoon_b
Lair:5:   layout_long_grid, dpeg_slime_entry_enclosed_altar, grunt_megastairs_4
Lair:6:   wormcave, layout_hall_layers, guppyfry_lair_end_dragon,
          lemuel_old_faithful, serial_bayou_shore_b
Swamp:1:  layout_basic_swamp, evilmike_swamp_ruin_house_5
Swamp:2:  layout_basic_swamp, hangedman_swamp_ruin_hall, swamp_pool2,
          infiniplex_staircase_pool, uniq_louise
Swamp:3:  layout_basic_swamp, nicolae_swamp_triple_paths, swamp_pool4
Swamp:4:  grunt_swamp_rune_castle, layout_basic_swamp
Snake:1:  layout_onion, grunt_megastairs_2, uniq_asterion
Snake:2:  layout_gridlike, basic_altar, minmay_shop_star, grunt_megastairs_3
Snake:3:  layout_basic, guppyfry_library_mini, minmay_shoptagon
Snake:4:  minmay_snake_end_coiled, layout_basic, st_stairs_14
Slime:1:  layout_caves
Slime:2:  layout_caves, basic_altar
Slime:3:  layout_caves
Slime:4:  layout_caves
Slime:5
Orc:1:    layout_diamond_mine, uniq_urug
Orc:2:    st_orc_mages, layout_caves, serial_shops, shop, uniq_azrael,
          uniq_donald
Elf:1:    layout_geoelf_octagon, serial_shops, nicolae_shop_behind_doors,
          orc_legates
Elf:2:    layout_rooms, ebering_ghost_inner_flame, serial_shops,
          nicolae_shop_statue_plus, uniq_roxanne
Elf:3:    minmay_elf_hall_quartered_circle, layout_onion_city, serial_shops,
          nicolae_shop_trees, nicolae_shop_overgrown_old_shop, shop, shop
Vaults:1: grunt_vaults_hallway_long, v_misc_19, nicolae_vaults_shelves_hall,
          v_pattern_2, v_misc_25, hangedman_vaults_hat,
          hangedman_vaults_corner_blocks, v_rooms_1,
          vaults_room_grunt_arrival_ludios, layout_vaults_ring, serial_shops,
          nicolae_shop_window_shopping
Vaults:2: nicolae_vaults_network_s, nicolae_vaults_angled_halls,
          nicolae_vaults_network_barrier, st_hourglassy, ontoclasm_vaults_chip,
          vaults_dpeg_ring, v_misc_27, ontoclasm_vaults_pinch,
          hangedman_vaults_stretched_pinwheel, layout_vaults_omnigrid,
          uniq_sojobo
Vaults:3: ontoclasm_vaults_ligature, vaults_dpeg_diagonal,
          hangedman_vaults_unwind, vaults_room_large_hall,
          minmay_crypt_entry_necro_gods, nicolae_vaults_little_squares_3,
          v_misc_12, nicolae_vaults_circle_grid_b, nicolae_vaults_shelves_hall,
          vaults_room_fours, nicolae_vaults_big_ls,
          nicolae_vaults_little_squares_3, nicolae_vaults_little_squares_1,
          ontoclasm_vaults_idyll, nicolae_vaults_alarming,
          layout_vaults_big_room, serial_shops, statue_bzr, basic_altar,
          uniq_frederick
Vaults:4: vaults_room_fours, v_rooms_6, vaults_dpeg_spiral,
          nicolae_vaults_little_ls, hangedman_vaults_stagger,
          vaults_mumra_minichess, nicolae_vaults_mini_display_case,
          nicolae_vaults_little_squares_4, vaults_room_semicircle,
          ontoclasm_vaults_shuriken, v_alt_pattern_1, v_misc_4,
          grunt_vaults_hallway_short, v_misc_23, layout_vaults_omnicross,
          serial_shops, shop
Vaults:5: serial_shops
Crypt:1:  layout_chaotic_city
Crypt:2:  layout_gridlike
Crypt:3:  evilmike_haunted_forest
Depths:1: layout_basic, enter_ziggurat_b, hangedman_abyss_or_decor_stabs,
          hell_entry, roderic_nine_men_s_morris, uniq_bai_suzhen,
          uniq_enchantress
Depths:2: minmay_the_grid_octo_2x2 [minmay_the_grid_octo_shrine,
          minmay_the_grid_octo_fat_diamond, minmay_the_grid_octo_clover_2,
          minmay_the_grid_octo_prize_big_c], layout_small_grid,
          mu_enter_wizlab_5, lightli_too_deep, minmay_misc_feat_diagonals

Skill      XL: |  1  2  3  4  5  6  7  8  9 10 11 12 13 14 15 16 17 18 19 20 21 22 23 24 25 |
---------------+----------------------------------------------------------------------------+-----
Armour         | 4 5 6 8 9 10 11 13 15 16 17 18 19 20 21 23 24 | 24.0
Shields        | 4 5 6 7 9 10 11 12 13 16 18 19 20 21 22 23 24 25 | 25.7
Axes           | 4 5 6 8 10 12 14 15 | 15.9
Fighting       | 4 5 6 7 8 10 11 14 15 16 18 19 20 21 22 24 25 26 | 26.6
Dodging        | 1 2 3 4 5 |  5.6
Long Blades    | 1 4 |  4.8
Slings         | 4 10 13 14 15 16 17 18 19 20 | 20.0
Invocations    | 1 |  1.4
Evocations     | 1 |  1.9
Maces & Flails | 2 |  2.1

Action                   |  1- 3 |  4- 6 |  7- 9 | 10-12 | 13-15 | 16-18 | 19-21 | 22-24 | 25-27 || total
-------------------------+-------+-------+-------+-------+-------+-------+-------+-------+-------++-------
Melee: War axe           |   104 |   124 |       |       |       |       |       |   857 |   109 ||  1194
       Headbutt          |    17 |    23 |    53 |    47 |    63 |    87 |   204 |   345 |    49 ||   888
       Hand axe          |       |    34 |   257 |   212 |   292 |   216 |   657 |    94 |    30 ||  1792
       Falchion          |       |       |     4 |       |       |       |       |       |       ||     4
       Eveningstar       |       |       |       |       |       |    10 |       |       |       ||    10
 Fire: Fustibalus        |       |       |       |   267 |  1027 |  1446 |  1139 |  1067 |   314 ||  5260
Throw: Boomerang         |       |       |     1 |       |       |       |       |       |       ||     1
Invok: Divine Shield     |       |       |       |     2 |     1 |       |     2 |       |       ||     5
       Cleansing Flame   |       |       |       |       |       |       |     1 |       |       ||     1
       Brand Weapon With |       |       |       |       |       |       |       |     1 |       ||     1
       Finesse           |       |       |       |       |       |       |       |     1 |       ||     1
       Heroism           |       |       |       |       |       |       |       |       |     2 ||     2
 Abil: Evoke Flight      |       |     1 |       |       |       |       |       |     3 |       ||     4
       Evoke Blink       |       |       |       |       |     1 |     2 |       |       |       ||     3
Evoke: Wand              |       |       |       |     2 |       |     1 |       |     1 |       ||     4
       Box of beasts     |       |       |       |       |       |       |       |     1 |       ||     1
       Phantom mirror    |       |       |       |       |       |       |       |     1 |       ||     1
       Fan of gales      |       |       |       |       |       |       |       |       |     1 ||     1
  Use: Scroll            |       |     3 |     6 |    12 |    22 |    14 |    11 |    20 |    11 ||    99
       Potion            |       |       |       |     4 |     6 |    18 |    13 |     7 |       ||    48
  Eat: Chunk             |     2 |     6 |     4 |     9 |     7 |     3 |     8 |     7 |       ||    46
       Ration            |       |       |     3 |     3 |    10 |    11 |    11 |    18 |     6 ||    62
Armor: Scale mail        |    63 |    65 |    53 |       |       |       |       |       |       ||   181
       Plate armour      |       |       |    16 |   110 |   193 |   454 |   125 |    70 |       ||   968
       Skin              |       |       |       |     7 |       |       |       |       |       ||     7
       Chain mail        |       |       |       |       |       |       |   142 |     3 |       ||   145
       Crystal plate arm |       |       |       |       |       |       |       |   164 |    62 ||   226
Dodge: Dodged            |    29 |    47 |    49 |    63 |    87 |   166 |   134 |   110 |    15 ||   700
Block: Shield            |    59 |    78 |   100 |   195 |    91 |       |       |       |       ||   523
       Large shield      |       |       |       |       |   650 |  1089 |  1351 |  1231 |   241 ||  4562
       Rpst.: Falchion   |       |       |     1 |       |       |       |       |       |       ||     1
